[Event "ICC tourney 2928 (40 10)"]
[Site "Internet Chess Club"]
[Date "2022.06.04"]
[Round "5"]
[White "BRUDNO, STEPHEN:StevChess01"]
[Black "HANKE, HARVEY:ThinkingPanda"]
[Result "0-1"]
[ICCResult "White checkmated"]
[WhiteElo "1532"]
[BlackElo "1601"]
[Opening "King's Indian: Sämisch, orthodox variation"]
[ECO "E85"]
[NIC "KI.43"]
[Time "20:00:22"]
[PlyCount "60"]
[TimeControl "2400+10"]

1. d4 Nf6 2. c4 g6 3. f3 Bg7 4. e4 d6 5. Nc3 O-O 6. Be3 e5 7. Nge2 Nc6 8.
dxe5 Nxe5 9. Nd4 Re8 10. Qd2 c6 11. Rd1 Qe7 12. Nc2 Rd8 13. Be2 Be6 14. b3
d5 15. cxd5 cxd5 16. exd5 Nxd5 17. Nxd5 Bxd5 18. Qc1 Rac8 19. Bg5 f6 20. Be3
Kh8 21. Kf2 Ng4+ 22. fxg4 Qe4 23. Rxd5 Rxd5 24. Bd1 Rxd1 25. Qxd1 Rxc2+ 26.
Bd2 Qd3 27. Ke1 Bh6 28. Bxh6 Qe4+ 29. Be3 Qxe3+ 30. Kf1 Qf2# {White
checkmated} 0-1

[Event "ICC tourney 2928 (40 10)"]
[Site "Internet Chess Club"]
[Date "2022.06.04"]
[Round "5"]
[White "VALE CRUZ, ARMIN:trucker"]
[Black "PARAGUA, MEGAN ALTHEA:PrincessOfChess"]
[Result "0-1"]
[ICCResult "White forfeits on time"]
[WhiteElo "1685"]
[BlackElo "1573"]
[Opening "Sicilian"]
[ECO "B50"]
[NIC "SI.01"]
[Time "20:00:22"]
[PlyCount "58"]
[TimeControl "2400+10"]

1. e4 c5 2. Nf3 d6 3. c3 Nf6 4. Be2 e6 5. e5 dxe5 6. Nxe5 Be7 7. O-O O-O 8.
Re1 Nbd7 9. Nf3 b6 10. d4 Bb7 11. Nbd2 a6 12. a4 Qc7 13. Bf1 Rfd8 14. Nc4
Nf8 15. Nfe5 b5 16. axb5 axb5 17. Rxa8 Bxa8 18. Na3 b4 19. Nac4 bxc3 20.
bxc3 cxd4 21. cxd4 Ne4 22. Be3 Bb4 23. Bd3 Bxe1 24. Qxe1 Nd6 25. Nxd6 Qxd6
26. Qa1 Nd7 27. Nc4 Qc6 28. Bf1 Rb8 29. Bf4 Rb4 {White forfeits on time} 0-1

[Event "ICC tourney 2928 (40 10)"]
[Site "Internet Chess Club"]
[Date "2022.06.04"]
[Round "5"]
[White "CAREY, MICHAEL P:xyzchessdude"]
[Black "S.M, UMER:uncrackable"]
[Result "1-0"]
[ICCResult "Black resigns"]
[WhiteElo "1822"]
[BlackElo "1800"]
[Opening "King's Indian: fianchetto, Kavalek (Bronstein) variation"]
[ECO "E60"]
[NIC "KI.74"]
[Time "20:00:23"]
[PlyCount "103"]
[TimeControl "2400+10"]

1. Nf3 Nf6 2. c4 g6 3. d4 Bg7 4. g3 O-O 5. Bg2 d6 6. O-O c6 7. Nc3 Qa5 8. e4
Qh5 9. Ng5 Qxd1 10. Rxd1 e5 11. dxe5 dxe5 12. Nf3 Re8 13. h3 Na6 14. Be3 Bf8
15. Ne1 Be6 16. b3 Bb4 17. Ne2 Bxe1 18. Rxe1 Nb4 19. Rec1 a5 20. a3 Na6 21.
Nc3 Nd7 22. Bf1 Nac5 23. Rab1 f5 24. f3 fxe4 25. Nxe4 Nxe4 26. fxe4 Nf6 27.
Bg2 Nh5 28. Kh2 Re7 29. a4 Rd7 30. Rd1 Rad8 31. Bf3 Rd3 32. Be2 Rxd1 33.
Rxd1 Rb8 34. Bb6 Ra8 35. Rd8+ Rxd8 36. Bxd8 b5 37. Bxa5 Nf6 38. Bd3 bxc4 39.
bxc4 c5 40. Bc7 Bd7 41. Bxe5 Kf7 42. a5 Bc6 43. a6 Nxe4 44. a7 Ke6 45. Bf4
Nd6 46. g4 Nc8 47. Bb8 Nb6 48. Kg3 g5 49. h4 h6 50. hxg5 hxg5 51. Bc7 Nc8
52. Bf5+ {Black resigns} 1-0